 Dungeon Crawl Stone Soup version 0.24-a0-284-g9fb9971 (webtiles) character file.

Game seed: 14250024275350999123

633 theanonym the Cleaver (level 7, -7/62 HPs)
             Began as a Minotaur Warper on May 6, 2019.
             Was an Initiate of Makhleb.
             Killed from afar by Dowan (12 damage)
             ... with a shard of ice
             ... in the Ecumenical Temple.
             The game lasted 00:05:37 (3257 turns).

theanonym the Cleaver (Minotaur Warper)             Turns: 3257, Time: 00:05:37

Health: -7/62      AC: 10    Str: 18    XL:     7   Next: 24%
Magic:  8/8        EV: 12    Int: 10    God:    Makhleb [......]
Gold:   193        SH:  3    Dex: 14    Spells: 8/8 levels left

rFire    . . .     SeeInvis .   a - +0 hand axe
rCold    . . .     Gourm    .   c - +0 buckler
rNeg     . . .     Faith    .   x - +0 chain mail
rPois    .         Spirit   .   (helmet restricted)
rElec    .         Reflect  .   y - +1 cloak
rCorr    .         Harm     .   (no gloves)
MR       .....                  (no boots)
Stlth    ..........             (no amulet)
HPRegen  0.20/turn              l - ring of wizardry
MPRegen  0.11/turn              (no ring)

@: agile
A: retaliatory headbutt, horns 2
a: Renounce Religion


Innate Abilities, Weirdness & Mutations

You reflexively headbutt those who attack you in melee.
You have a pair of horns on your head.


   Skills:
 + Level 5.9 Fighting
 * Level 8.1 Axes
 - Level 1.0 Throwing
 - Level 1.2 Armour
 - Level 2.1 Dodging
 - Level 1.3 Spellcasting
   Level 2.1 Translocations


You had 8 spell levels left.
You didn't know any spells.
Your spell library contained the following spells:

 Spells                   Type           Power        Failure   Level  Hunger
 Blink                    Tloc           N/A          87%         2    ###....
 Shroud of Golubria       Chrm/Tloc      #.........   95%         2    ###....
 Gell's Gravitas          Tloc           #.........   98%         3    ####...
 Lesser Beckoning         Tloc           #.........   98%         3    ####...
 Teleport Other           Tloc           #.......     98%         3    ####...
 Passage of Golubria      Tloc           N/A          100%        4    #####..

Skill      XL: |  1  2  3  4  5  6 |
---------------+-------------------+-----
Axes           | 3 4 5 6 8 |  8.1
Fighting       | 3 4 5 |  5.9
Throwing       | |  1.0
Armour         | |  1.2
Dodging        | |  2.1
Spellcasting   | |  1.3
Translocations | |  2.1

Action                   |  1- 3 |  4- 6 |  7- 9 || total
-------------------------+-------+-------+-------++-------
Melee: Hand axe          |    73 |   207 |    37 ||   317
       Headbutt          |     9 |    32 |     2 ||    43
  Use: Scroll            |       |     8 |       ||     8
       Potion            |       |     2 |     4 ||     6
  Eat: Chunk             |       |     5 |       ||     5
       Ration            |       |     1 |       ||     1
Armor: Leather armour    |    10 |       |       ||    10
       Ring mail         |     8 |    39 |       ||    47
       Chain mail        |       |    98 |    22 ||   120
Dodge: Dodged            |    58 |   112 |    19 ||   189
Block: Buckler           |       |    14 |     3 ||    17

Inventory:

Hand Weapons
 a - a +0 hand axe (weapon)
Missiles
 f - 5 tomahawks of dispersal (quivered)
Armour
 b - a +0 leather armour
 c - a +0 buckler (worn)
 d - a +0 ring mail
 x - a +0 chain mail (worn)
 y - a +1 cloak (worn)
Jewellery
 l - a ring of wizardry (left hand)
Scrolls
 h - a scroll of amnesia
 n - a scroll of remove curse
 o - 3 scrolls of fear
 B - a scroll of blinking
Potions
 k - 3 potions of flight
 m - a potion of might
 s - a potion of resistance {unknown}
 u - a potion of mutation {unknown}
 z - a potion of degeneration {unknown}
 A - a potion of curing {unknown}
Comestibles
 e - 3 rations You were in the Ecumenical Temple. You worshipped Makhleb. Makhleb was noncommittal. You were not hungry. You visited 2 branches of the dungeon, and saw 5 of its levels. You collected 193 gold pieces.

Dungeon Overview and Level Annotations

Branches:
Dungeon (4/15)             Temple (1/1) D:4

Altars:
Ashenzari
Cheibriados
Elyvilon
Fedhas
Gozag
Hepliaklqana
Makhleb
Nemelex Xobeh
Okawaru
Qazlal
Sif Muna
Trog
Uskayaw
Vehumet
Wu Jian
Xom
Zin

Annotations:
Temple Dowan

####### #.....#
#####§.e..#
###.....@.<.#
#####......≈....#
###......._.......#
###......#......#####
......_.......###...#
...≈......#####.....#
_.......###......._.#
....#####......≈....#
..#≈#......._.......#


You could see Dowan.

Notes
Turn   | Place    | Note
-------+----------+-------------------------------------------
     0 | D:1      | theanonym the Minotaur Warper began the quest for the Orb.
     0 | D:1      | Reached XP level 1. HP: 18/18 MP: 1/1
    57 | D:1      | Reached skill level 3 in Axes
   140 | D:1      | Reached XP level 2. HP: 23/25 MP: 3/3
   300 | D:1      | Reached skill level 3 in Fighting
   533 | D:2      | Reached XP level 3. HP: 24/31 MP: 4/4
   564 | D:2      | Reached skill level 4 in Axes
   667 | D:2      | Found a snail-covered altar of Cheibriados.
   906 | D:2      | Reached XP level 4. HP: 36/39 MP: 5/5
  1407 | D:3      | Reached skill level 5 in Axes
  1425 | D:3      | Identified the +2 helmet of a Hundred Dances {Dex+4}
  1425 | D:3      | Noticed Robin
  1440 | D:3      | Killed Robin
  1440 | D:3      | Reached skill level 4 in Fighting
  1524 | D:3      | Reached XP level 5. HP: 37/46 MP: 6/6
  1666 | D:3      | Found a runed translucent door.
  1667 | D:3      | Noticed Crazy Yiuf
  1937 | D:3      | Found a faded altar of an unknown god.
  1937 | D:3      | Found a sparkling altar of Nemelex Xobeh.
  1942 | D:3      | Found a hazy altar of Hepliaklqana.
  1944 | D:3      | Found a faded altar of an unknown god.
  1946 | D:3      | Found a deep blue altar of Sif Muna.
  2070 | D:3      | Killed Crazy Yiuf
  2217 | D:4      | Noticed a phantom
  2220 | D:4      | Reached skill level 6 in Axes
  2229 | D:4      | Reached XP level 6. HP: 51/55 MP: 7/7
  2240 | D:4      | Found a glowing silver altar of Zin.
  2249 | D:4      | HP: 27/55 [iguana (7)]
  2253 | D:4      | HP: 11/55 [iguana (6)]
  2254 | D:4      | Reached skill level 5 in Fighting
  2269 | D:4      | HP: 9/56 [phantom (4)]
  2535 | D:4      | Found a staircase to the Ecumenical Temple.
  2540 | D:4      | Noticed Dowan
  2542 | Temple   | Entered the Ecumenical Temple
  2574 | Temple   | HP: 23/56 [orc wizard/puff of frost (9)]
  2585 | Temple   | HP: 23/56 [orc wizard/puff of frost (2)]
  2593 | Temple   | Became a worshipper of Makhleb the Destroyer
  2594 | Temple   | HP: 14/56 [orc wizard/magic dart (1)]
  2603 | Temple   | HP: 15/56 [orc wizard/+0 dagger (1)]
  2612 | Temple   | HP: 8/56 [phantom (3)]
  2628 | Temple   | HP: 9/56 [phantom (2)]
  2630 | Temple   | Reached skill level 7 in Axes
  2928 | D:4      | Noticed Duvessa
  2954 | D:4      | Killed Duvessa
  2954 | D:4      | Reached skill level 8 in Axes
  2954 | D:4      | Reached XP level 7. HP: 36/62 MP: 8/8
  2956 | D:4      | HP: 31/62 [Dowan/cursed +0 dagger (3)]
  2959 | D:4      | HP: 8/62 [Dowan/stone arrow (15)]
  2968 | D:4      | HP: 5/62 [worker ant (3)]
  2974 | D:4      | HP: 18/62 [poisoned by a worker ant]
  2979 | D:4      | HP: 17/62 [poisoned by a worker ant]
  2986 | D:4      | HP: 16/62 [poisoned by a worker ant]
  2994 | D:4      | HP: 16/62 [poisoned by a worker ant]
  3253 | Temple   | HP: 18/62 [Dowan/shard of ice (20)]
  3254 | Temple   | HP: 4/62 [Dowan/shard of ice (14)]
  3257 | Temple   | Killed from afar by Dowan

Vanquished Creatures
  Duvessa (D:4)
  A phantom (Temple)
  2 orc priests (D:4)
  4 orc wizards
  Crazy Yiuf (D:3)
  An iguana (D:4)
  2 worker ants (D:4)
  Robin (D:3)
  7 adders
  An ooze (D:1)
  2 leopard geckos
  8 orcs (D:4)
  3 ball pythons
  5 giant cockroaches
  8 goblins (D:3)
  13 hobgoblins
  15 jackals
  4 kobolds (D:3)
  2 quokkas
  6 bats
  6 frilled lizards
  7 rats
100 creatures vanquished.

Table legend:
 A = Turns spent in this place as a percentage of turns spent in the entire game.
 B = Non-inter-level travel turns spent in this place as a percentage of non-inter-level travel turns spent in the entire game.
 C = Inter-level travel turns spent in this place as a percentage of turns spent in this place.
 D = Turns resting spent in this place as a percentage of non-inter-level travel turns spent in this place.
 E = Turns spent auto-exploring this place as a percentage of non-inter-level travel turns spent in this place.
 F = Non-inter-level travel turns spent in this place divided by the number of levels of this place that you've seen.
                   A       B       C       D       E      F
               +-------+-------+-------+-------+-------+----------------------
         Total | 100.0 | 100.0 |   5.4 |  27.4 |  52.0 | 616.0
       Dungeon |  87.0 |  87.5 |   4.9 |  21.8 |  59.4 | 673.8
        Temple |  13.0 |  12.5 |   9.0 |  66.5 |   0.0 | 385.0
               +-------+-------+-------+-------+-------+----------------------
